 Dungeon Crawl Stone Soup version 0.28-a0-1199-gef9e1dbd39 (webtiles) character file.

Game seed: 11682028581637525888

3149 Mamutox the Covert (level 9, -2/41 HPs)
             Began as a Spriggan Arcane Marksman on Dec 19, 2021.
             Was a Follower of Dithmenos.
             Slain by a howler monkey (4 damage)
             ... on level 9 of the Dungeon.
             The game lasted 00:41:25 (9917 turns).

Mamutox the Covert (Spriggan Arcane Marksman)       Turns: 9917, Time: 00:41:25

Health: -2/41      AC:  2    Str:  6    XL:     9   Next: 62%
Magic:  18/18      EV: 23    Int: 18    God:    Dithmenos [*.....]
Gold:   350        SH:  0    Dex: 22    Spells: 18/19 levels left

rFire   . . .      SeeInvis +   b - +1 dagger (venom)
rCold   . . .      Faith    .   (shield restricted)
rNeg    . . .      Spirit   .   d - +0 robe
rPois   .          Reflect  .   (helmet restricted)
rElec   .          Harm     .   (no cloak)
rCorr   +          Rampage  .   (gloves unavailable)
Will    +....                   (boots unavailable)
Stlth   +++++.....              (no amulet)
HPRegen 0.13/turn               l - ring of resist corrosion
MPRegen 0.16/turn               H - +6 ring of dexterity

@: lethally poisoned (-2 -> -18), silenced, attractive, flying, wreathed by
umbra, very quick
A: very small, no large weapons, unfitting armour, see invisible, speed 3
a: Renounce Religion


You were on level 9 of the Dungeon.
You worshipped Dithmenos.
Dithmenos was aware of your devotion.
You visited 2 branches of the dungeon, and saw 10 of its levels.

You collected 350 gold pieces.

Inventory:

Hand Weapons
 a - a +0 shortbow
 b - a +1 dagger of venom (weapon)
 I - a +2 dagger of holy wrath
 J - a +0 hunting sling
Missiles
 c - 126 arrows
 e - 17 sling bullets
 i - 247 stones (quivered)
 j - 59 bolts
 y - a throwing net
 F - 2 poisoned darts
 G - 4 curare-tipped darts
Armour
 d - a +0 robe (worn)
 r - a +0 animal skin
Jewellery
 l - a ring of resist corrosion (left hand)
 H - a +6 ring of dexterity (right hand)
Wands
 t - a wand of iceblast (8)
Scrolls
 f - a scroll of blinking {unknown}
 m - 2 scrolls of fog {unknown}
 n - 3 scrolls of silence
 o - 2 scrolls of magic mapping {unknown}
 q - 5 scrolls of identify {unknown}
 s - 4 scrolls of teleportation {unknown}
 v - 4 scrolls of vulnerability {unknown}
 w - 3 scrolls of fear {unknown}
 x - a scroll of enchant weapon {unknown}
 B - 2 scrolls of enchant armour {unknown}
 C - 2 scrolls of torment {unknown}
 E - a scroll of noise {unknown}
Potions
 g - a potion of flight
 h - 2 potions of magic
 k - 2 potions of heal wounds
 p - a potion of haste {unknown}
 u - a potion of curing
 z - a potion of attraction
 A - a potion of degeneration {unknown}
 D - a potion of might {unknown}


   Skills:
 - Level 1.1 Fighting
 + Level 5.7 Short Blades
 + Level 6.6 Bows
 - Level 7.2 Dodging
 + Level 12.1 Stealth
 - Level 5.7 Spellcasting
 - Level 5.8 Hexes


You had 18 spell levels left.
You knew the following spells:

 Your Spells              Type           Power      Damage    Failure   Level
a - Slow                  Hex            100%       N/A       1%          1

Your spell library contained the following spells:

 Spells                   Type           Power      Damage    Failure   Level
 Inner Flame              Hex/Fire       15%        N/A       11%         3
 Portal Projectile        Hex/Tloc       30%        N/A       11%         3
 Summon Guardian Golem    Hex/Summ       15%        N/A       11%         3
 Cause Fear               Hex            13%        N/A       11%         4
 Scorch                   Fire           10%        2d5       19%         2
 Static Discharge         Conj/Air       5%         N/A       19%         2
 Call Canine Familiar     Summ           5%         N/A       36%         3
 Leda's Liquefaction      Hex/Erth       7%         N/A       36%         4
 Dispel Undead            Necr           5%         3d7       77%         4
 Flame Wave               Conj/Fire      5%         2d4       77%         4
 Sticky Flame             Conj/Fire      5%         2d3       77%         4
 Summon Cactus Giant      Summ           2%         N/A       100%        6
 Orb of Destruction       Conj           2%         9d1       100%        7
 Spellforged Servitor     Conj/Summ      2%         N/A       100%        7


Dungeon Overview and Level Annotations

Branches:
Dungeon (9/15)             Temple (1/1) D:5             Orc (0/2) D:9
   Lair: D:8-11

Altars:
Ashenzari
Cheibriados
Dithmenos
Elyvilon
Fedhas
Gozag
Hepliaklqana
Kikubaaqudgha
Makhleb
Nemelex Xobeh
Okawaru
Qazlal
Ru
Sif Muna
Trog
Uskayaw
Vehumet
Wu Jian
Xom
Yredelemnul
Zin
The Shining One

Annotations:
D:7 3 runed translucent doors, Armakuni's ghost, novice HuGl; kal9871's ghost, novice HOMo
D:9 Psyche


Innate Abilities, Weirdness & Mutations

You are very small and have problems with some larger weapons.
You are too small for most types of armour.
You have supernaturally acute eyesight. (SInv)
You cover ground extremely quickly. (Speed+++)


Message History

The orc warrior closely misses you.
A howler monkey comes into view.
It was a potion of flight.
You feel very buoyant.
You fly up into the air.
The howler monkey barely misses you. The howler monkey hits you.
The orc completely misses you.
The orc warrior hits you from afar with a +2 trident of venom.
You are poisoned.
It was a potion of magic.
Magic courses through your body.
You feel very sick.
The howler monkey hoots and howls with incredible vigour!
The howler monkey completely misses you.
The howler monkey barely misses you. The orc completely misses you.
The orc warrior misses you.
The howler monkey closely misses you. x2
It was a potion of curing.
You feel better.
The howler monkey hoots and howls with incredible vigour! x2
The howler monkey completely misses you.
The orc hits you with a +2 dagger of protection.
The howler monkey barely misses you.
The orc warrior hits you from afar with a +2 trident of venom!
* * * LOW HITPOINT WARNING * * *
You are lethally poisoned!
It was a potion of attraction.
You feel attractive to monsters.
* * * LOW HITPOINT WARNING * * *
You feel very sick.
The howler monkey misses you. x2; The orc hits you but does no damage.
Psyche mumbles some strange words.
A swirling arc of seething chaos appears!
The arc of chaos hits the howler monkey.
The howler monkey is devoured by a tear in reality.
The arc of chaos hits the orc wizard.
The arc of chaos arcs out of your line of sight!
The orc warrior completely misses you.
You are too injured to fight recklessly!
You are too injured to fight recklessly!
* * * LOW HITPOINT WARNING * * *
You feel very sick. The howler monkey hits you.
You die...

### ##.## #...# ... ...
##h..# #.# ... #@hZ##
##.# ... . ##ooK##
##...##... ..
#hKK.###.#.##.... ...
###oo###....#....#
....#..ยง@##...........
#..Z.##......>....o
##.#..#.........$..
###....#....o...o..
##..#..#h.y.........


You could see Psyche (invisible), an orc warrior, a kobold brigand, 3 howler
monkeys, an orc priest, an orc wizard, an orc, a howler monkey zombie and 2
kobolds.

Vanquished Creatures
  Pikel (D:6)
  A manticore (D:7)
  2 water moccasins
  3 black bears
  An ice beast (D:6)
  A sky beast (D:6)
  A necrophage (D:7)
  An ogre (D:5)
  2 centaurs (D:6)
  A kobold brigand (D:6)
  3 bullfrogs (D:7)
  2 scorpions (D:5)
  A wyvern skeleton (D:7)
  A killer bee (D:9)
  A howler monkey (D:9)
  3 wights (D:7)
  2 lava snakes (D:7)
  A centaur zombie (D:8)
  A bullfrog zombie (D:5)
  3 hounds
  2 orc priests
  3 iguanas
  An orc wizard (D:8)
  Robin (D:2)
  3 gnolls (D:4)
  7 adders
  A shadow imp (D:7)
  2 white imps (D:5)
  2 ufetubi
  An adder skeleton (D:4)
  3 worms
  3 dart slugs
  14 orcs
  4 ball pythons
  9 endoplasms
  3 giant cockroaches
  18 goblins
  5 hobgoblins
  13 jackals
  8 kobolds
  A quokka (D:2)
  2 bats
  3 frilled lizards
  4 rats
145 creatures vanquished.

Vanquished Creatures (others)
  7 plants (D:1)
  5 withered plants (D:7)
12 creatures vanquished.

Grand Total: 157 creatures vanquished

Notes
Turn   | Place    | Note
-------+----------+-------------------------------------------
     0 | D:1      | Mamutox the Spriggan Arcane Marksman began the quest for
                  | the Orb.
     0 | D:1      | Reached XP level 1. HP: 9/9 MP: 3/3
   159 | D:1      | Found a faded altar of an unknown god.
   195 | D:1      | Reached XP level 2. HP: 9/14 MP: 5/5
   312 | D:1      | Reached skill level 1 in Stealth
   536 | D:1      | Reached skill level 2 in Stealth
   553 | D:1      | Reached XP level 3. HP: 16/17 MP: 4/6
  1171 | D:2      | Reached skill level 3 in Stealth
  1396 | D:2      | Reached XP level 4. HP: 21/21 MP: 7/7
  1909 | D:2      | Found an ancient bone altar of Kikubaaqudgha.
  1997 | D:2      | Reached skill level 4 in Stealth
  2002 | D:2      | Noticed Robin
  2027 | D:2      | Reached skill level 1 in Fighting
  2031 | D:2      | Killed Robin
  2548 | D:3      | Reached skill level 1 in Short Blades
  2735 | D:3      | Found a burning altar of Makhleb.
  2754 | D:3      | Reached XP level 5. HP: 25/25 MP: 9/9
  3290 | D:4      | Reached skill level 5 in Stealth
  4028 | D:5      | Entered Level 5 of the Dungeon
  4116 | D:5      | Noticed a black bear
  4150 | D:5      | Killed a black bear
  4151 | D:5      | Reached XP level 6. HP: 25/30 MP: 10/12
  4301 | D:5      | Found a staircase to the Ecumenical Temple.
  4542 | D:5      | Reached skill level 6 in Stealth
  4737 | Temple   | Entered the Ecumenical Temple
  4840 | Temple   | Became a worshipper of Dithmenos the Shadowed
  5037 | D:5      | Reached XP level 7. HP: 33/33 MP: 14/14
  5542 | D:5      | Reached skill level 7 in Stealth
  5542 | D:5      | Reached skill level 5 in Spellcasting
  5953 | D:6      | Reached skill level 5 in Dodging
  5953 | D:6      | Reached skill level 8 in Stealth
  6405 | D:6      | Reached XP level 8. HP: 19/37 MP: 14/17
  7009 | D:6      | Noticed Pikel
  7057 | D:6      | Killed Pikel
  7058 | D:6      | Reached skill level 10 in Stealth
  7058 | D:6      | Reached skill level 5 in Hexes
  8281 | D:7      | Found a runed translucent gate.
  8282 | D:7      | Found a runed translucent gate.
  8283 | D:7      | Found a runed translucent gate.
  8284 | D:7      | Noticed Armakuni's ghost (novice HuGl)
  8285 | D:7      | Noticed kal9871's ghost (novice HOMo)
  8319 | D:7      | Reached XP level 9. HP: 41/41 MP: 18/18
  8343 | D:7      | Reached * piety under Dithmenos
  8427 | D:7      | Reached skill level 5 in Bows
  8575 | D:7      | Noticed a manticore
  8582 | D:7      | Killed a manticore
  8583 | D:7      | Reached skill level 11 in Stealth
  8761 | D:7      | Reached skill level 5 in Short Blades
  9566 | D:8      | Reached skill level 12 in Stealth
  9859 | D:9      | Found a staircase to the Orcish Mines.
  9910 | D:9      | Noticed Psyche
  9917 | D:9      | HP: 2/41 [poisoned by an orc warrior]
  9917 | D:9      | Slain by a howler monkey

Illustrated notes

Levels and vault maps discovered:
D:1:      tarquinn_simple_flora_water_c, layout_basic,
          dreamdust_ecumenical_altar_angels_and_demons, minivault_11,
          chequers_serial_rivers_small_a
D:2:      layout_loops_ring, basic_altar, uniq_robin
D:3:      layout_loops_cross, lemuel_tele_altar
D:4:      layout_gridville
D:5:      minmay_angry_zag, layout_cave_pools, minmay_temple_entry_sparse_star
D:6:      layout_loops_cross, uniq_pikel
D:7:      layout_rooms, gammafunk_ghost_cemetery, minivault_10,
          kennysheep_pointless_box, kennysheep_generic_room_4
D:8:      layout_basic, minmay_curled_crystal
D:9:      layout_cross, orc_0_dummy, uniq_psyche
Temple:   mainiacjoe_temple_hex_bubbles

Skill      XL: |  1  2  3  4  5  6  7  8  9 |
---------------+----------------------------+-----
Dodging        | 3 5 7 |  7.2
Stealth        | 2 3 4 5 6 8 10 12 | 12.1
Bows           | 3 4 6 |  6.6
Spellcasting   | 2 3 4 5 |  5.7
Fighting       | 1 |  1.1
Short Blades   | 1 2 3 5 |  5.7
Hexes          | 4 5 |  5.8

Action                   |  1- 3 |  4- 6 |  7- 9 || total
-------------------------+-------+-------+-------++-------
Melee: Dagger            |       |    82 |   158 ||   240
 Fire: Shortbow          |   112 |   169 |   193 ||   474
 Cast: Slow              |     3 |     9 |    31 ||    43
  Use: Potion            |       |       |     4 ||     4
       Scroll            |       |       |     1 ||     1
 Stab: Sleeping          |       |     4 |    11 ||    15
       Distracted        |       |     1 |       ||     1
Armor: Robe              |     5 |     6 |     7 ||    18
Dodge: Dodged            |    32 |    75 |   194 ||   301

Table legend: (Time is in decaauts)
 A = Elapsed time spent in this place.
 B = Non-inter-level travel time spent in this place.
 C = Inter-level travel time spent in this place.
 D = Time resting spent in this place.
 E = Time spent auto-exploring this place.
 F = Levels seen in this place.
 G = Mean time per level.
                   A        B        C        D        E       F      G
               +--------+--------+--------+--------+--------+-----+--------+
         Total |   7212 |   7055 |    157 |      0 |   3670 |  10 |  721.2 |
       Dungeon |   7057 |   6914 |    143 |      0 |   3534 |   9 |  784.1 |
        Temple |    155 |    141 |     14 |      0 |    135 |   1 |  155.0 |
               +--------+--------+--------+--------+--------+-----+--------+

Top non-repeatable levels by time:
     D:6: 1564 daAuts
     D:5: 1346 daAuts
     D:4: 859 daAuts
     D:1: 855 daAuts
     D:2: 812 daAuts
     D:7: 792 daAuts
     D:3: 429 daAuts
     D:8: 358 daAuts
  Temple: 155 daAuts
     D:9: 38 daAuts
